 Dungeon Crawl Stone Soup version 0.27.1 (webtiles) character file.

Game seed: 6618527316043375015

5600 DearestLeader the Cleaver (level 10, -5/132 HPs)
             Began as a Minotaur Berserker on Sept 3, 2021.
             Was an Elder of Trog.
             Killed from afar by a wretched star (18 damage)
             ... with a lance of force
             ... on level 1 of the Abyss.
             The game lasted 00:12:20 (7812 turns).

DearestLeader the Cleaver (Minotaur Berserker)      Turns: 7812, Time: 00:12:21

Health: -5/132     AC: 16    Str: 23    XL:     10   Next: 45%
Magic:  0/9        EV: 16    Int:  5    God:    Trog [****..]
Gold:   381        SH:  0    Dex: 11    Spells: 9/9 levels left

rFire    . . .     SeeInvis .   J - +5 battleaxe
rCold    . . .     Faith    .   (shield currently unavailable)
rNeg     . . .     Spirit   +   x - +0 plate armour
rPois    .         Reflect  .   (helmet restricted)
rElec    .         Harm     .   D - +0 cloak
rCorr    .         Rampage  .   G - +0 pair of gloves
Will     ++...                  (no boots)
Stlth    ..........             h - amulet of guardian spirit
HPRegen  1.32/turn              q - +4 ring of evasion
MPRegen  0.11/turn              F - +4 ring of evasion

@: berserking, strong-willed, regenerating, very quick
A: horns 2, retaliatory headbutt
a: Renounce Religion, Berserk, Trog's Hand, Brothers in Arms


You were on level 1 of the Abyss.
You worshipped Trog.
Trog was greatly pleased with you.
You visited 1 branch of the dungeon, and saw 8 of its levels.
You visited the Abyss 1 time.

You collected 381 gold pieces.

Inventory:

Hand Weapons
 g - a +0 hunting sling
 J - a +5 battleaxe (weapon)
 K - a +3 war axe
Missiles
 d - 29 poisoned darts (quivered)
 k - 39 sling bullets
 s - 2 throwing nets
Armour
 v - a +0 tower shield
 x - a +0 plate armour (worn)
 D - a +0 cloak (worn)
 G - a +0 pair of gloves (worn)
Jewellery
 b - a +6 ring of dexterity
 h - an amulet of guardian spirit (around neck)
 q - a +4 ring of evasion (left hand)
 E - a ring of resist corrosion
 F - a +4 ring of evasion (right hand)
Wands
 c - a wand of paralysis (10)
 j - a wand of iceblast (11)
Scrolls
 i - 6 scrolls of teleportation
 l - 3 scrolls of magic mapping
 m - 3 scrolls of noise
 p - 2 scrolls of summoning {unknown}
 t - a scroll of fear {unknown}
 y - a scroll of enchant weapon {unknown}
 z - 2 scrolls of silence {unknown}
 B - a scroll of amnesia {unknown}
 H - 2 scrolls of fog {unknown}
Potions
 a - a potion of might
 f - a potion of attraction
 n - a potion of heal wounds
 r - a potion of ambrosia
 A - a potion of invisibility {unknown}
 C - 2 potions of haste
 I - a potion of degeneration {unknown}


   Skills:
 + Level 8.1 Fighting
 * Level 14.5 Axes
 - Level 9.0 Armour
 - Level 3.0 Dodging


You had 9 spell levels left.
You didn't know any spells.
Your spell library was empty.

Dungeon Overview and Level Annotations

Branches:
Dungeon (8/15)             Temple (0/1) D:6
   Lair: D:8-11

Altars:
Gozag
Hepliaklqana
Wu Jian
The Shining One

Annotations:
D:8 3 runed translucent doors, Destapler's ghost, novice TrBe


Innate Abilities, Weirdness & Mutations

You have a pair of horns on your head.
You reflexively headbutt those who attack you in melee.


Message History

The thrashing horror tramples you!
You hold your ground!
The thrashing horror tramples you!
You hold your ground!
The thrashing horror tramples you!!
You stumble backwards!
You barely miss the thrashing horror.
The thrashing horror is severely damaged.
The thrashing horror barely misses you. You furiously retaliate!
You headbutt the thrashing horror. The thrashing horror misses you.
A wretched star comes into view.
Your skin crawls.
You feel strong-willed. The thrashing horror tramples you!
You hold your ground!
The thrashing horror closely misses you.
You fail to use your ability.
The thrashing horror tramples you!!
* * * LOW HITPOINT WARNING * * *
You hold your ground!
The thrashing horror closely misses you.
A large abomination comes into view.
Your plate armour prevents you from hitting the thrashing horror.
The thrashing horror is almost destroyed.
The thrashing horror tramples you!
* * * LOW HITPOINT WARNING * * *
You hold your ground!
The thrashing horror tramples you but does no damage.
The thrashing horror closely misses you.
The thrashing horror barely misses you.
A red film seems to cover your vision as you go berserk!
You feel yourself moving faster!
You feel mighty!
The thrashing horror roars!
The thrashing horror barely misses you.
The thrashing horror tramples you but does no damage.
You hit the wretched star but do no damage.
The thrashing horror barely misses you. x2
You slice the wretched star!!
The wretched star is moderately damaged.
You barely miss the thrashing horror. The thrashing horror tramples you!
* * * LOW HITPOINT WARNING * * *
You stumble backwards!
The wretched star glows turbulently.
The lance of force hits you!!
You die...

#..≈ . .......
##..... . ##
..... #. #.#
.#.##### .
#.##.X....##
..#.##........?#
#.....#..*....##.
#..@X.......
#.#.#####.... #
#...# ... ##..# #
##.. . .# # #...
# . #


You could see a wretched star, a thrashing horror (strong) and a large
abomination.

Vanquished Creatures
  A deep elf zephyrmancer (D:7)
  A will-o-the-wisp (Abyss:1)
  2 centaur zombies
  A smoke demon (Abyss:1)
  A hornet (D:8)
  A black mamba zombie (Abyss:1)
  5 yaks (D:8)
  A vampire (Abyss:1)
  A large abomination (Abyss:1)
  2 vampire mosquitoes (D:8)
  2 steam dragons
  2 spatial vortices (Abyss:1)
  An acid dragon (D:8)
  An ice beast (D:5)
  2 sky beasts
  A necrophage (D:8)
  An ogre (D:7)
  3 centaurs
  A bullfrog (D:8)
  2 scorpions (D:5)
  2 water moccasin zombies (D:5)
  5 small abominations (Abyss:1)
  A wyvern skeleton (D:4)
  A water moccasin skeleton (D:7)
  4 wights (D:8)
  A jelly (D:5)
  2 quasits (Abyss:1)
  3 hounds
  A bullfrog skeleton (D:7)
  2 centaur skeletons
  Jessica (D:3)
  An iguana (D:4)
  6 adders
  3 gnolls (D:2)
  A white imp (D:8)
  An adder skeleton (D:4)
  A worm (D:5)
  5 dart slugs
  13 orcs
  6 ball pythons
  6 bats
  7 endoplasms
  4 giant cockroaches
  7 goblins
  4 hobgoblins
  9 jackals (D:1)
  2 quokkas
  4 frilled lizards
  9 kobolds
  9 rats
153 creatures vanquished.

Vanquished Creatures (others)
  2 fungi (D:8)
  A plant (D:8)
3 creatures vanquished.

Grand Total: 156 creatures vanquished

Notes
Turn   | Place    | Note
-------+----------+-------------------------------------------
     0 | D:1      | DearestLeader the Minotaur Berserker began the quest for
                  | the Orb.
     0 | D:1      | Reached XP level 1. HP: 19/19 MP: 0/0
   371 | D:1      | Reached XP level 2. HP: 27/27 MP: 1/1
   435 | D:1      | Reached skill level 4 in Axes
   807 | D:1      | Reached XP level 3. HP: 33/33 MP: 2/2
   808 | D:1      | Found a faded altar of an unknown god.
   811 | D:1      | Reached ** piety under Trog
  2231 | D:2      | Reached XP level 4. HP: 32/40 MP: 3/3
  2238 | D:2      | Reached skill level 5 in Axes
  2858 | D:3      | Reached skill level 6 in Axes
  2932 | D:3      | Reached XP level 5. HP: 46/46 MP: 4/4
  3103 | D:3      | Noticed Jessica
  3107 | D:3      | Killed Jessica
  3108 | D:3      | Reached *** piety under Trog
  3475 | D:4      | Found an ornate altar of the Wu Jian Council.
  3503 | D:4      | Reached skill level 7 in Axes
  3524 | D:4      | Reached XP level 6. HP: 42/52 MP: 3/5
  4094 | D:5      | Entered Level 5 of the Dungeon
  4099 | D:5      | Reached skill level 8 in Axes
  4298 | D:5      | Reached XP level 7. HP: 53/59 MP: 6/6
  4351 | D:5      | Reached skill level 9 in Axes
  4724 | D:5      | Reached skill level 5 in Armour
  4878 | D:6      | Reached skill level 10 in Axes
  5040 | D:6      | Found a staircase to the Ecumenical Temple.
  5304 | D:6      | Reached XP level 8. HP: 65/66 MP: 7/7
  5360 | D:6      | Reached skill level 5 in Fighting
  5425 | D:6      | Reached skill level 11 in Axes
  5574 | D:7      | Reached **** piety under Trog
  6101 | D:7      | Found a glowing golden altar of the Shining One.
  6504 | D:7      | Noticed a deep elf zephyrmancer
  6511 | D:7      | Killed a deep elf zephyrmancer
  6512 | D:7      | Reached XP level 9. HP: 75/75 MP: 5/8
  6755 | D:8      | Found a hazy altar of Hepliaklqana.
  6763 | D:8      | Reached skill level 12 in Axes
  6813 | D:8      | Found a runed translucent gate.
  6813 | D:8      | Found a runed translucent gate.
  6813 | D:8      | Found a runed translucent gate.
  6816 | D:8      | Noticed Destapler's ghost (novice TrBe)
  6875 | D:8      | Found an opulent altar of Gozag.
  6915 | D:8      | Reached skill level 13 in Axes
  7091 | D:8      | Paralysed by a hornet for 3 turns
  7095 | D:8      | Reached XP level 10. HP: 10/88 MP: 3/9
  7431 | D:8      | Noticed a two-headed ogre
  7436 | D:8      | Cast into level 1 of the Abyss (orc warrior)
  7436 | Abyss:1  | Found a corrupted altar of Lugonu.
  7451 | Abyss:1  | Noticed a smoke demon
  7472 | Abyss:1  | Killed a smoke demon
  7537 | Abyss:1  | Noticed a will-o-the-wisp
  7541 | Abyss:1  | Killed a will-o-the-wisp
  7542 | Abyss:1  | Reached skill level 14 in Axes
  7626 | Abyss:1  | Noticed a spatial maelstrom
  7794 | Abyss:1  | Noticed a thrashing horror
  7806 | Abyss:1  | Noticed a wretched star
  7812 | Abyss:1  | Killed from afar by a wretched star

Illustrated notes

Levels and vault maps discovered:
D:1:      elethiomel_arrival_quiet, layout_loops_corners,
          shapermc_ecumenical_altar_venn, minmay_liquid_box,
          chequers_serial_rivers_large_a, minmay_domino_2
D:2:      layout_basic
D:3:      layout_basic, serial_aquarium, aquarium_bridge_square
          [aquarium_subvault_window, aquarium_subvault_bridge,
          aquarium_subvault_wall, aquarium_subvault_bridge],
          aquarium_bridge_square [aquarium_subvault_window,
          aquarium_subvault_bridge, aquarium_subvault_bridge,
          aquarium_subvault_wall], aquarium_window_2, aquarium_window_1,
          aquarium_window_fake, aquarium_window_corridor_3, aquarium_view_2d,
          aquarium_balcony_double_4, kennysheep_jessica_study
D:4:      layout_cave_pools, overflow_temple_1_default, serial_bayou_pond_d,
          eino_tiny_chamber, minmay_diced_spiral
D:5:      layout_rooms, kennysheep_generic_room_8
D:6:      layout_rooms, minmay_temple_entry_statues_fountains
D:7:      layout_layer_cave, lemuel_doored_altar, guppyfry_early_elven_hall
D:8:      minmay_skewed_foursquare, layout_gridville, old_standard_altar,
          mainiacjoe_overflow_surrounded_room, lair_entry_dummy,
          gammafunk_ghost_nasty_kobolds
Abyss:1:  base: D:5, hangedman_shadowy_showcase

Skill      XL: |  1  2  3  4  5  6  7  8  9 10 |
---------------+-------------------------------+-----
Axes           | 4 6 7 8 10 11 13 14 | 14.5
Fighting       | 4 6 7 8 |  8.1
Armour         | 3 4 5 7 8 9 |  9.0
Dodging        | 3 |  3.0

Action                   |  1- 3 |  4- 6 |  7- 9 | 10-12 || total
-------------------------+-------+-------+-------+-------++-------
Melee: Hand axe          |    92 |    94 |   116 |       ||   302
       Headbutt          |    21 |    26 |    36 |    11 ||    94
       Mace              |       |    29 |       |       ||    29
       Battleaxe         |       |       |     8 |    64 ||    72
Invok: Berserk           |       |     1 |     4 |     2 ||     7
       Trog's Hand       |       |       |     1 |     2 ||     3
  Use: Scroll            |       |       |       |     7 ||     7
       Potion            |       |       |       |     2 ||     2
Armor: Leather armour    |    11 |       |       |       ||    11
       Animal skin       |     2 |       |       |       ||     2
       Ring mail         |    17 |    32 |       |       ||    49
       Plate armour      |       |    14 |    56 |    34 ||   104
Dodge: Dodged            |    60 |    75 |    77 |    67 ||   279
